[Event "*** Titled Tuesday Blitz"]
[Site "Chess.com"]
[Date "2020.04.14"]
[Round "1"]
[White "MoreChessJulia"]
[Black "Frogo47"]
[Result "0-1"]
[WhiteElo "1736"]
[BlackElo "2512"]
[TimeControl "180+1"]
[EndTime "10:01:13 PDT"]
[Termination "Frogo47 won by resignation"]

1. d4 Nf6 2. c4 g6 3. f3 d5 4. cxd5 Nxd5 5. e4 Nb6 6. a4 a5 7.
Nc3 Bg7 8. Be3 O-O 9. Nge2 Nc6 10. Qd2 Nb4 11. g3 Nc4 12. Qc1 Nxe3 13. Qxe3 Nc2+ 0-1

[Event "*** Titled Tuesday Blitz"]
[Site "Chess.com"]
[Date "2020.04.14"]
[Round "1"]
[White "adiosabu"]
[Black "ridnani2021"]
[Result "1-0"]
[WhiteElo "2511"]
[BlackElo "1717"]
[TimeControl "180+1"]
[EndTime "10:01:24 PDT"]
[Termination "adiosabu won by resignation"]

1. e4 c5 2. Nf3 d6 3. d4 cxd4 4. Nxd4 Nf6 5. Nc3 a6 6. f4 g6 7. Nf3 Bg7 8. Bd3 O-O 9. O-O Nc6 10. a3 Qb6+ 11. Kh1 Ng4 12. Nd5 Nf2+ 13. Rxf2 Qxf2 14. Be3 Qxe3 15. Nxe3 Bxb2 1-0

[Event "*** Titled Tuesday Blitz"]
[Site "Chess.com"]
[Date "2020.04.14"]
[Round "1"]
[White "CastleOasisChess"]
[Black "Atanejhad"]
[Result "0-1"]
[WhiteElo "2053"]
[BlackElo "2529"]
[TimeControl "180+1"]
[EndTime "10:01:28 PDT"]
[Termination "Atanejhad won by resignation"]

1. d4 Nf6 2. e3 g6 3. Bd3 Bg7 4. Nd2 O-O 5. c3 d6 6. f4 Nbd7 7. Ngf3 b6 8. O-O Bb7 9. Qc2 e5 10. fxe5 dxe5 11. dxe5 Ng4 12. h3 Nxe3 13. Qb1 Nxf1 14.
Nxf1 Nxe5 15. Nxe5 Bxe5 16. Bh6 Bg7 17. Bxg7 Kxg7 18.
Ne3 Qg5 0-1

[Event "*** Titled Tuesday Blitz"]
[Site "Chess.com"]
[Date "2020.04.14"]
[Round "1"]
[White "MarcoCorvi"]
[Black "DraskovicL"]
[Result "0-1"]
[WhiteElo "2151"]
[BlackElo "2557"]
[TimeControl "180+1"]
[EndTime "10:01:36 PDT"]
[Termination "DraskovicL won by resignation"]

1. e4 d5 2. exd5 Qxd5 3. Nc3 Qd6 4. g3 g6 5. Bg2 Bg7 6. Nge2 Nf6 7.
O-O O-O 8. d3 c6 9. Re1 Bg4 10.
h3 Bf5 0-1

[Event "*** Titled Tuesday Blitz"]
[Site "Chess.com"]
[Date "2020.04.14"]
[Round "1"]
[White "AyMitecK"]
[Black "Willychess95"]
[Result "0-1"]
[WhiteElo "2299"]
[BlackElo "2645"]
[TimeControl "180+1"]
[EndTime "10:01:37 PDT"]
[Termination "Willychess95 won by resignation"]

1. e4 c5 2. Nc3 d6 3. d4 cxd4 4. Qxd4 a6 5. Bg5 Nc6 6. Qd2 h6 7. Bh4 g5 8. Bg3 Bg7 9. f3 Nf6 10. Nge2 Qa5 11. h4 Be6 12. hxg5 hxg5 13. Rxh8+ Bxh8 14. Qxg5 Qxg5 0-1

[Event "*** Titled Tuesday Blitz"]
[Site "Chess.com"]
[Date "2020.04.14"]
[Round "1"]
[White "rozabaku"]
[Black "Harsha_Bharathakoti"]
[Result "0-1"]
[WhiteElo "2428"]
[BlackElo "2813"]
[TimeControl "180+1"]
[EndTime "10:01:53 PDT"]
[Termination "Harsha_Bharathakoti won by resignation"]

1. d4 Nf6 2. c4 e6 3. Nc3 Bb4 4.
Qc2 b6 5. e3 Bb7 6. Nf3 Ne4 7.
Be2 O-O 8. Bd2 Bxc3 9. Bxc3 f5 10. O-O-O a5 11. Bd3 Na6 12. a3 c5 13. dxc5 Naxc5 14. Bxe4 Bxe4 15. Ne5 Bxc2 16. Kxc2 d6 17. Nc6 Qe8 18.
Nd4 Ne4 19. f3 Nf2 0-1

[Event "*** Titled Tuesday Blitz"]
[Site "Chess.com"]
[Date "2020.04.14"]
[Round "1"]
[White "LuisFSiles"]
[Black "Spalir"]
[Result "1-0"]
[WhiteElo "2304"]
[BlackElo "2620"]
[TimeControl "180+1"]
[EndTime "10:02:07 PDT"]
[Termination "LuisFSiles won by resignation"]

1. e4 e5 2. Nf3 Nc6 3. Bc4 Bc5 4.
O-O Nf6 5. d4 Bxd4 6. Nxd4 Nxd4 7. Bg5 h6 8. Bh4 g5 9. f4 gxf4 10. Rxf4 exf4 11. Qxd4 O-O 12. Bxf6 Qe8 13. Bh8 1-0

[Event "*** Titled Tuesday Blitz"]
[Site "Chess.com"]
[Date "2020.04.14"]
[Round "1"]
[White "abubakrtagelsir"]
[Black "GianmarcoVaR"]
[Result "0-1"]
[WhiteElo "2276"]
[BlackElo "2625"]
[TimeControl "180+1"]
[EndTime "10:02:22 PDT"]
[Termination "GianmarcoVaR won by resignation"]

1. e4 c6 2. d4 d5 3. f3 dxe4 4.
fxe4 e5 5. Nf3 Bg4 6. Bc4 Nd7 7.
O-O Ngf6 8. c3 Bd6 9. Qb3 O-O 10. Qxb7 exd4 11. Nxd4 Nxe4 12. Qb3 Qh4 13. Bf4 Bxf4 14.
Rxf4 Qe1+ 15. Bf1 Qe3+ 0-1

[Event "*** Titled Tuesday Blitz"]
[Site "Chess.com"]
[Date "2020.04.14"]
[Round "1"]
[White "Er_is_geen_hoop_meer"]
[Black "Jospem"]
[Result "0-1"]
[WhiteElo "2471"]
[BlackElo "2888"]
[TimeControl "180+1"]
[EndTime "10:02:44 PDT"]
[Termination "Jospem won by resignation"]

1. b4 Nf6 2. Bb2 e6 3. a3 Be7 4.
e3 O-O 5. g4 d5 6. g5 Nfd7 7.
h4 e5 8. f4 exf4 9. Bd3 Bd6 10. Bxh7+ Kxh7 11. Qh5+ Kg8 12. Bxg7 Kxg7 13. Qh6+ Kg8 14.
g6 Nf6 15. g7 Nh7 16. Nf3 Re8 17. Ng5 Bf5 18. Nc3 Qf6 19. Qh5 c6 20. O-O-O a5 21. b5 cxb5 22. d4 Qg6 23. Qf3 Rxe3 24. Qxd5 Rxc3 25. Rdg1 Be6 26. Ne4 Rxc2+ 27. Kxc2 Bxd5 28.
Rxg6 Bxe4+ 0-1

[Event "*** Titled Tuesday Blitz"]
[Site "Chess.com"]
[Date "2020.04.14"]
[Round "1"]
[White "Justinz"]
[Black "chessintuit"]
[Result "0-1"]
[WhiteElo "2281"]
[BlackElo "2626"]
[TimeControl "180+1"]
[EndTime "10:02:47 PDT"]
[Termination "chessintuit won by resignation"]

1. e4 e5 2. Nf3 Nc6 3. Nc3 Nf6 4. Bb5 Nd4 5. Nxe5 Qe7 6. Nf3 Nxb5 7. Nxb5 Qxe4+ 8. Qe2 Qxe2+ 9. Kxe2 Kd8 10. d4 b6 11.
Bf4 Ba6 12. c4 c6 13. Nd6 Bxd6 14. Bxd6 Bxc4+ 15. Kd2 Ne4+ 0-1

[Event "*** Titled Tuesday Blitz"]
[Site "Chess.com"]
[Date "2020.04.14"]
[Round "1"]
[White "theprosecution1"]
[Black "WinningButNotReally"]
[Result "1-0"]
[WhiteElo "2803"]
[BlackElo "2421"]
[TimeControl "180+1"]
[EndTime "10:02:52 PDT"]
[Termination "theprosecution1 won by resignation"]

1. e4 c6 2. Nc3 d5 3. Nf3 Bg4 4. h3 Bxf3 5. Qxf3 e6 6. Be2 Nd7 7. O-O Ngf6 8. d4 dxe4 9. Nxe4 Be7 10. Rd1 O-O 11. c4 Nxe4 12. Qxe4 Nf6 13. Qh4 Qb6 14. b3 Rad8 15. Bb2 c5 16. Rd3 Nd7 17. Qxe7 1-0

[Event "*** Titled Tuesday Blitz"]
[Site "Chess.com"]
[Date "2020.04.14"]
[Round "1"]
[White "GamayevOleg"]
[Black "Alkhoori90"]
[Result "1-0"]
[WhiteElo "2526"]
[BlackElo "2049"]
[TimeControl "180+1"]
[EndTime "10:03:04 PDT"]
[Termination "GamayevOleg won by resignation"]

1. d3 d6 2. e4 Nf6 3. Nf3 g6 4. Be2 Bg7 5. O-O O-O 6. c3 c6 7. a4 a5 8. Nbd2 Nbd7 9. Re1 e5 10. Qc2 Nh5 11. Nc4 Qe7 12. b3 f5 13. Ba3 Rf6 14.
Bc1 h6 15. exf5 Rxf5 16. d4 Nf4 17. Bxf4 exf4 18. Bd3 Qf7 19. Nxd6 Qf8 20. Nxf5 gxf5 21. Bxf5 Nf6 22. Bxc8 Rxc8 23. Qg6 1-0

[Event "*** Titled Tuesday Blitz"]
[Site "Chess.com"]
[Date "2020.04.14"]
[Round "1"]
[White "TudorAnton"]
[Black "Bagirova"]
[Result "1-0"]
[WhiteElo "2574"]
[BlackElo "2187"]
[TimeControl "180+1"]
[EndTime "10:03:17 PDT"]
[Termination "TudorAnton won by checkmate"]

1. d4 f5 2. Bg5 g6 3. e4 Bg7 4.
exf5 gxf5 5. Qh5+ Kf8 6. Nc3 Nf6 7. Bxf6 exf6 8. O-O-O d5 9. Bd3 Be6 10. Nh3 Bf7 11.
Qxf5 c6 12. Nf4 Bh6 13. Kb1 Bxf4 14. Qxf4 Bg6 15. Rhe1 Nd7 16. Qd6+ Kg8 17. Re7 Nb6 18. Qe6+ Kf8 19. Qxf6+ Kg8 20. Qg7# 1-0

[Event "*** Titled Tuesday Blitz"]
[Site "Chess.com"]
[Date "2020.04.14"]
[Round "1"]
[White "Haridaskesavan"]
[Black "ValeriyGrinev"]
[Result "0-1"]
[WhiteElo "2204"]
[BlackElo "2582"]
[TimeControl "180+1"]
[EndTime "10:03:18 PDT"]
[Termination "ValeriyGrinev won by resignation"]

1. e4 c5 2. c3 Nf6 3. d3 d5 4.
Nd2 Nc6 5. g3 e5 6. Bg2 Be7 7.
Ne2 h5 8. h4 Bg4 9. f3 Be6 10.
Nf1 d4 11. c4 Qd7 12. Nh2 O-O-O 13. f4 g6 14. O-O Ng4 15. Nxg4 Bxg4 16. Bf3 f5 17.
Bxg4 hxg4 18. a3 fxe4 19. dxe4 d3 20. Nc3 Qd4+ 21. Kg2 Qxc4 22. Nd5 Qxe4+ 0-1

[Event "*** Titled Tuesday Blitz"]
[Site "Chess.com"]
[Date "2020.04.14"]
[Round "1"]
[White "Peng_Li-Min"]
[Black "ljuks68"]
[Result "0-1"]
[WhiteElo "2645"]
[BlackElo "2347"]
[TimeControl "180+1"]
[EndTime "10:03:21 PDT"]
[Termination "ljuks68 won by resignation"]

1. c4 c6 2. d4 d5 3. Nf3 Nf6 4. Nc3 dxc4 5. a4 Bf5 6. e3 e6 7.
Bxc4 Bb4 8. O-O Nbd7 9. Qe2 O-O 10. Bd2 Qe7 11. Rfe1 e5 12. dxe5 Nxe5 13. Nxe5 Qxe5 14. e4 Be6 15. Bd3 Rad8 16. Bc2 Bc5 17. Be3 Ng4 18. Bxc5 Qxh2+ 19. Kf1 0-1

[Event "*** Titled Tuesday Blitz"]
[Site "Chess.com"]
[Date "2020.04.14"]
[Round "1"]
[White "semchik73"]
[Black "Kobalia"]
[Result "0-1"]
[WhiteElo "2299"]
[BlackElo "2643"]
[TimeControl "180+1"]
[EndTime "10:03:23 PDT"]
[Termination "Kobalia won by resignation"]

1. Nf3 Nf6 2. c4 c6 3. Nc3 d5 4.
e3 a6 5. d4 e6 6. cxd5 exd5 7.
Bd3 Bd6 8. O-O O-O 9. e4 dxe4 10. Nxe4 Nxe4 11. Bxe4 Nd7 12. Bxh7+ Kxh7 13. Ng5+ Kg8 14. Qh5 Nf6 15. Qh4 Bf5 16. Re1 Re8 17. Be3 Ne4 18. f4 Nxg5 19. fxg5 Re4 20. Qf2 Bg6 21. h4 Qc7 22.
Qf3 Rxh4 23. Bf2 Bh2+ 24. Kf1 Rf4 25. Qh3 Bf5 26. Qxh2 Rxf2+ 27. Kxf2 Qxh2 0-1

[Event "*** Titled Tuesday Blitz"]
[Site "Chess.com"]
[Date "2020.04.14"]
[Round "1"]
[White "JiaHaoxiang"]
[Black "isla88"]
[Result "1-0"]
[WhiteElo "2628"]
[BlackElo "2282"]
[TimeControl "180+1"]
[EndTime "10:03:28 PDT"]
[Termination "JiaHaoxiang won by resignation"]

1. d4 Nf6 2. c4 e5 3. dxe5 Ng4 4. Nf3 Bc5 5. e3 Nc6 6. b3 Ngxe5 7. Bb2 Qe7 8. Nbd2 a5 9. Be2 O-O 10. O-O Ra6 11. Ne4 Ba7 12. c5 Nxf3+ 13. gxf3 f5 14. Bxa6 fxe4 15. Bc4+ Kh8 16. f4 Bxc5 17. Kh1 Qh4 18. Rg1 Bd4 19. Bxd4 1-0

[Event "*** Titled Tuesday Blitz"]
[Site "Chess.com"]
[Date "2020.04.14"]
[Round "1"]
[White "Talcrifice"]
[Black "K1TTYGANG"]
[Result "1-0"]
[WhiteElo "2551"]
[BlackElo "2126"]
[TimeControl "180+1"]
[EndTime "10:03:30 PDT"]
[Termination "Talcrifice won by resignation"]

1. d4 d5 2. c4 e6 3. Nc3 Nf6 4. cxd5 exd5 5. Bg5 c6 6. e3 Be7 7. Bd3 Nbd7 8. Qc2 Nf8 9. Nge2 Ne6 10. Bh4 g6 11.
O-O Ng7 12. f3 O-O 13. Rae1 b6 14. h3 Bb7 15. e4 c5 16. e5 Nd7 17. Bxe7 Qxe7 18.
f4 Rac8 19. Qd2 cxd4 20. Nxd4 Nc5 21. Bb1 Ne4 22. Nxe4 dxe4 23. Bxe4 Rfd8 24. Bxb7 Qxb7 25. Qf2 Qd5 26. Nb3 Nf5 27. g4 Ne7 28. f5 Qd3 29.
Re3 Qa6 30. fxg6 1-0

[Event "*** Titled Tuesday Blitz"]
[Site "Chess.com"]
[Date "2020.04.14"]
[Round "1"]
[White "m-garcett"]
[Black "Korchmar_Vasiliy"]
[Result "0-1"]
[WhiteElo "2009"]
[BlackElo "2524"]
[TimeControl "180+1"]
[EndTime "10:03:36 PDT"]
[Termination "Korchmar_Vasiliy won by resignation"]

1. e4 c5 2. Nf3 d6 3. d4 cxd4 4. Nxd4 Nf6 5. Nc3 Nc6 6. Bc4 e6 7. Be3 a6 8. Bb3 Qc7 9. O-O Na5 10.
f4 Be7 11. Kh1 O-O 12. f5 Nxb3 13. axb3 Bd7 14. Qf3 b5 15. Rac1 b4 16. Nce2 e5 17. g4 exd4 18. Bxd4 Nxe4 19. Ng3 0-1

[Event "*** Titled Tuesday Blitz"]
[Site "Chess.com"]
[Date "2020.04.14"]
[Round "1"]
[White "PIwan"]
[Black "BillCoe"]
[Result "1-0"]
[WhiteElo "2534"]
[BlackElo "2064"]
[TimeControl "180+1"]
[EndTime "10:03:37 PDT"]
[Termination "PIwan won by resignation"]

1. c4 f5 2. Nc3 Nf6 3. d4 e6 4.
Qc2 Be7 5. e4 fxe4 6. Nxe4 O-O 7. Nxf6+ Bxf6 8. Nf3 d6 9. Bd3 h6 10.
Be3 Nd7 11. O-O-O c6 12. h4 Qa5 13. Kb1 e5 14. Ng5 exd4 15. Bh7+ Kh8 16. Bg8 1-0

[Event "*** Titled Tuesday Blitz"]
[Site "Chess.com"]
[Date "2020.04.14"]
[Round "1"]
[White "Anna_ChessMate"]
[Black "mirochka"]
[Result "1-0"]
[WhiteElo "2611"]
[BlackElo "2238"]
[TimeControl "180+1"]
[EndTime "10:03:50 PDT"]
[Termination "Anna_ChessMate won by resignation"]

1. d4 Nf6 2. c4 e6 3. Nf3 d5 4. Nc3 Be7 5. Bf4 b6 6. e3 Bb7 7. Rc1 O-O 8. h3 c5 9. cxd5 Nxd5 10.
Nxd5 Bxd5 11. a3 Nd7 12. Bc4 Bxc4 13. Rxc4 b5 14. Rc2 c4 15. O-O Nb6 16. Ne5 Rc8 17. Qf3 Qd5 18. Qg3 Bf6 19. Ng4 Qf5 20. Nh6+ 1-0

[Event "*** Titled Tuesday Blitz"]
[Site "Chess.com"]
[Date "2020.04.14"]
[Round "1"]
[White "PrinceCharming92"]
[Black "artooon"]
[Result "0-1"]
[WhiteElo "2344"]
[BlackElo "2699"]
[TimeControl "180+1"]
[EndTime "10:03:54 PDT"]
[Termination "artooon won by resignation"]

1. e4 e5 2. Nf3 Nc6 3. Bc4 Nf6 4. d3 Bc5 5. c3 d6 6. O-O O-O 7. Nbd2 a6 8. Bb3 Ba7 9. Re1 Ng4 10. Re2 Kh8 11. h3 f5 12. hxg4 fxg4 13. Nh2 Qh4 14. d4 exd4 15. Ndf1 d3 16. Qxd3 Bxf2+ 17. Kh1 g3 18.
Rxf2 Rxf2 19. Kg1 gxh2+ 20. Nxh2 Ne5 21. Qe3 Rf8 22. Bd2 Bd7 23. Be1 Qxh2+ 0-1

[Event "*** Titled Tuesday Blitz"]
[Site "Chess.com"]
[Date "2020.04.14"]
[Round "1"]
[White "praveenb2002"]
[Black "Torrentec"]
[Result "1-0"]
[WhiteElo "2656"]
[BlackElo "2306"]
[TimeControl "180+1"]
[EndTime "10:03:56 PDT"]
[Termination "praveenb2002 won by resignation"]

1. e4 e5 2. Nf3 Nc6 3. Bb5 a6 4. Ba4 Nf6 5. O-O b5 6. Bb3 Be7 7. d3 O-O 8. a3 d6 9. Nc3 Na5 10.
Ba2 c5 11. b4 Nc6 12. Nd5 Be6 13. bxc5 dxc5 14. c4 h6 15. cxb5 axb5 16. Nxf6+ Bxf6 17. Bxe6 fxe6 18. Bb2 Qd6 19. Ne1 Bg5 20. g3 Rad8 21. h4 Be7 22. Qh5 Nd4 23. Rc1 Rf7 24. Kg2 Rdf8 25.
Bc3 Ra8 26. Bb2 Kh7 27. Qxf7 Rf8 28. Qh5 g6 29. Qd1 1-0

[Event "*** Titled Tuesday Blitz"]
[Site "Chess.com"]
[Date "2020.04.14"]
[Round "1"]
[White "1977Ivan"]
[Black "varacalli"]
[Result "1-0"]
[WhiteElo "2719"]
[BlackElo "2373"]
[TimeControl "180+1"]
[EndTime "10:03:57 PDT"]
[Termination "1977Ivan won by resignation"]

1. c4 Nf6 2. Nc3 g6 3. e4 d6 4.
d4 Bg7 5. Nf3 O-O 6. Be2 c5 7.
O-O Nc6 8. d5 Na5 9. Bd2 e5 10.
b3 b6 11. Qc2 Bd7 12. g3 Nb7 13. Nh4 Ne8 14. Rae1 f5 15. exf5 gxf5 16. f3 Qe7 17. Bd3 Qf7 18. Nd1 Nd8 19. Ne3 Bh6 20. Nexf5 Bxd2 21.
Qxd2 Kh8 22. f4 Qh5 23. fxe5 dxe5 24. Rxe5 Nd6 25. Qc3 Kg8 26. Ne7+ 1-0

[Event "*** Titled Tuesday Blitz"]
[Site "Chess.com"]
[Date "2020.04.14"]
[Round "1"]
[White "Megagigahiper3345"]
[Black "Indianlad"]
[Result "0-1"]
[WhiteElo "2497"]
[BlackElo "2965"]
[TimeControl "180+1"]
[EndTime "10:03:59 PDT"]
[Termination "Indianlad won by resignation"]

1. d4 Nf6 2. c4 g6 3. Nc3 d5 4. cxd5 Nxd5 5. e4 Nxc3 6. bxc3 Bg7 7. Nf3 c5 8. Rb1 O-O 9. Be2 Nc6 10. d5 Bxc3+ 11.
Bd2 Bxd2+ 12. Qxd2 Na5 13. h4 Bg4 14. h5 Bxf3 15.
Bxf3 Nc4 16. Qh6 Qa5+ 17. Kf1 Qd2 18. hxg6 Qxh6 19. Rxh6 Nd2+ 20. Ke2 Nxb1 0-1

[Event "*** Titled Tuesday Blitz"]
[Site "Chess.com"]
[Date "2020.04.14"]
[Round "1"]
[White "Eltaj_Safarli"]
[Black "kagg1125"]
[Result "1-0"]
[WhiteElo "3066"]
[BlackElo "2505"]
[TimeControl "180+1"]
[EndTime "10:04:07 PDT"]
[Termination "Eltaj_Safarli won by resignation"]

1. e4 e5 2. Nf3 Nc6 3. Nc3 Nf6 4. a3 d5 5. Bb5 d4 6. Ne2 Bd6 7. c3 dxc3 8. d4 Qe7 9. bxc3 O-O 10. d5 Na5 11.
Bd3 h6 12. O-O b6 13. Ng3 Nb7 14. Nh4 Nc5 15. Nhf5 Bxf5 16. Nxf5 Qd7 17. Bc2 Ncxe4 18. Bxe4 Nxe4 19. Qg4 1-0

[Event "*** Titled Tuesday Blitz"]
[Site "Chess.com"]
[Date "2020.04.14"]
[Round "1"]
[White "AnkitGajwa"]
[Black "1lec"]
[Result "1-0"]
[WhiteElo "2552"]
[BlackElo "2144"]
[TimeControl "180+1"]
[EndTime "10:04:08 PDT"]
[Termination "AnkitGajwa won by resignation"]

1. e4 c5 2. Nf3 d6 3. d4 cxd4 4. Nxd4 Nf6 5. Nc3 a6 6. Bg5 e6 7. f4 Qc7 8. Bxf6 gxf6 9. Qd2 Nc6 10. Nb3 Bd7 11. O-O-O O-O-O 12. Kb1 Be7 13. g3 h5 14. Be2 h4 15. g4 Kb8 16. h3 Rc8 17. Rhf1 Ka7 18. Rf3 Na5 19. Nxa5 Qxa5 20. Nb5+ 1-0

[Event "*** Titled Tuesday Blitz"]
[Site "Chess.com"]
[Date "2020.04.14"]
[Round "1"]
[White "peixe64"]
[Black "Taron_Shagbazyan"]
[Result "0-1"]
[WhiteElo "2309"]
[BlackElo "2657"]
[TimeControl "180+1"]
[EndTime "10:04:11 PDT"]
[Termination "Taron_Shagbazyan won by checkmate"]

1. d4 Nf6 2. c4 e6 3. Nc3 Bb4 4.
f3 d5 5. e3 O-O 6. Ne2 Re8 7. a3 Bf8 8. f4 c5 9. cxd5 exd5 10.
h3 Nc6 11. Kf2 Bf5 12. g4 Ne4+ 13. Kg2 Qh4 14. Rh2 cxd4 15. Nxd5 Rad8 16. Nc7 dxe3 17. Nd5 Rxd5 18. Qxd5 Qf2+ 19. Kh1 Qxf1+ 20. Ng1 Ng3# 0-1

[Event "*** Titled Tuesday Blitz"]
[Site "Chess.com"]
[Date "2020.04.14"]
[Round "1"]
[White "TastyTablet"]
[Black "HrvojeZagreb"]
[Result "1-0"]
[WhiteElo "2575"]
[BlackElo "2188"]
[TimeControl "180+1"]
[EndTime "10:04:15 PDT"]
[Termination "TastyTablet won by resignation"]

1. e4 e6 2. d4 d5 3. Nc3 dxe4 4.
Nxe4 Nd7 5. Nf3 Ngf6 6. Bd3 b6 7. Nxf6+ Nxf6 8. Ne5 a6 9. O-O Bb7 10. b3 Be7 11.
Bb2 O-O 12. Qe2 c5 13. dxc5 Bxc5 14. Rad1 Qc7 15. Kh1 Rad8 16. f4 a5 17. f5 exf5 18. Rxf5 Rfe8 19. Rdf1 Bd4 20. Bxd4 Rxd4 21. Qf2 Rd5 22.
Rxf6 gxf6 23. Qg3+ Kh8 24. Ng6+ hxg6 25. Qxc7 Ba8 26.
Qxf7 1-0

[Event "*** Titled Tuesday Blitz"]
[Site "Chess.com"]
[Date "2020.04.14"]
[Round "1"]
[White "Poghosyan_Suren"]
[Black "ersekitamara"]
[Result "1-0"]
[WhiteElo "2521"]
[BlackElo "1941"]
[TimeControl "180+1"]
[EndTime "10:04:17 PDT"]
[Termination "Poghosyan_Suren won by resignation"]

1. d4 Nf6 2. Nf3 e6 3. Bg5 c5 4. e3 b6 5. c3 Bb7 6. Bd3 Be7 7. Nbd2 cxd4 8. exd4 d6 9. Qe2 Nbd7 10. a4 a6 11. O-O O-O 12. Rfe1 Re8 13. Nf1 Nd5 14. Bd2 Qc7 15. Ng3 N5f6 16. h4 d5 17. h5 Bd6 18.
Ne5 Nxe5 19. dxe5 Bc5 20. b4 1-0

[Event "*** Titled Tuesday Blitz"]
[Site "Chess.com"]
[Date "2020.04.14"]
[Round "1"]
[White "Haykoooo0o"]
[Black "Hippotaner"]
[Result "1-0"]
[WhiteElo "2619"]
[BlackElo "2268"]
[TimeControl "180+1"]
[EndTime "10:04:18 PDT"]
[Termination "Haykoooo0o won by resignation"]

1. d4 Nf6 2. c4 e6 3. Nc3 c5 4. d5 exd5 5. cxd5 d6 6. e4 g6 7. f4 Bg7 8. e5 Nfd7 9. Nb5 O-O 10.
Nxd6 f6 11. e6 Nb6 12. Nxc8 Nxc8 13. Nf3 Nd6 14. Be2 b5 15. O-O Na6 16. Be3 Rc8 17.
Rc1 Nf5 18. Bf2 Qd6 19. Qd2 Rfd8 20. Bxb5 Nc7 21. Bd7 Rb8 22. Rfd1 Ne7 23. Bxc5 Qxd5 24. Bxe7 Qxd2 25. Rxd2 Nxe6 26. Bxe6+ 1-0

[Event "*** Titled Tuesday Blitz"]
[Site "Chess.com"]
[Date "2020.04.14"]
[Round "1"]
[White "XiaoKangZhong"]
[Black "dretch"]
[Result "0-1"]
[WhiteElo "2398"]
[BlackElo "2762"]
[TimeControl "180+1"]
[EndTime "10:04:22 PDT"]
[Termination "dretch won by checkmate"]

1. e4 e6 2. d4 d5 3. Nd2 c5 4. Ngf3 cxd4 5. exd5 Qxd5 6. Bc4 Qd6 7.
O-O Nf6 8. Nb3 Nc6 9. Nbxd4 Nxd4 10. Nxd4 a6 11. Be3 Qc7 12. Qe2 Bc5 13. Rad1 O-O 14.
Rfe1 e5 15. Nf3 Bxe3 16. fxe3 e4 17. Nd2 Bg4 18. Qf2 Bxd1 19. Rxd1 Ng4 20. Qf4 Qxf4 21. exf4 Rad8 22. Be2 Ne3 23. Re1 Rxd2 24. Bh5 Nxg2 25. Rxe4 g6 26. Bf3 Nh4 27. Bh1 Rd1+ 28. Kf2 Rxh1 29.
Kg3 Nf5+ 30. Kh3 Rd8 31. c4 Rd2 32. c5 Rhxh2+ 33. Kg4 Rdg2+ 34. Kf3 Rg3# 0-1

[Event "*** Titled Tuesday Blitz"]
[Site "Chess.com"]
[Date "2020.04.14"]
[Round "1"]
[White "IljaZaragatski"]
[Black "GMaka"]
[Result "1-0"]
[WhiteElo "2623"]
[BlackElo "2259"]
[TimeControl "180+1"]
[EndTime "10:04:22 PDT"]
[Termination "IljaZaragatski won by resignation"]

1. Nf3 Nf6 2. g3 b6 3. Bg2 Bb7 4. O-O c5 5. c4 Nc6 6. d4 cxd4 7. Nxd4 e6 8. Nb5 d6 9. Bf4 e5 10. Bg5 Be7 11. Bxf6 gxf6 12. N1c3 a6 13. Na3 Na5 14. Bxb7 Nxb7 15. Nc2 f5 16. Ne3 Qd7 17. Ncd5 Bd8 18. Qc2 e4 19. f3 Bg5 20. fxe4 1-0

[Event "*** Titled Tuesday Blitz"]
[Site "Chess.com"]
[Date "2020.04.14"]
[Round "1"]
[White "mphofmann"]
[Black "AliKa2810"]
[Result "0-1"]
[WhiteElo "2269"]
[BlackElo "2619"]
[TimeControl "180+1"]
[EndTime "10:04:24 PDT"]
[Termination "AliKa2810 won by checkmate"]

1. b3 d5 2. Bb2 Bg4 3. f3 Bf5 4. e4 dxe4 5. Qe2 Nf6 6. Nc3 exf3 7. Qxf3 Qc8 8. h3 e6 9. g4 Bg6 10. O-O-O Be7 11. h4 h5 12. g5 Ng4 13. Nh3 Nd7 14. Nf4 Bf5 15. g6 fxg6 16. Ne4 Nde5 17. Qe2 Qd7 18. Ng5 Qc6 19. Bg2 Qxc2# 0-1

[Event "*** Titled Tuesday Blitz"]
[Site "Chess.com"]
[Date "2020.04.14"]
[Round "1"]
[White "Kumi29"]
[Black "Artur0208"]
[Result "0-1"]
[WhiteElo "2403"]
[BlackElo "2775"]
[TimeControl "180+1"]
[EndTime "10:04:26 PDT"]
[Termination "Artur0208 won by resignation"]

1. d4 d5 2. Nc3 e6 3. Bf4 Nf6 4. e3 Bb4 5. Qd3 O-O 6. Nf3 c5 7. dxc5 Na6 8. a3 Nxc5 9. Qd4 Bxc3+ 10. Qxc3 Nfe4 11. Qd4 f6 12. Bg3 e5 13. Qd1 Be6 14. b4 Na4 15. Bd3 Nxg3 16. hxg3 g6 17. Qd2 Bg4 18.
Rh4 Qd7 19. Bb5 Qxb5 20. Rxg4 Rac8 21. Qd3 Qxd3 22. cxd3 Rc2 23. b5 Nc3 24. d4 e4 25.
Nd2 g5 26. f4 h5 0-1

[Event "*** Titled Tuesday Blitz"]
[Site "Chess.com"]
[Date "2020.04.14"]
[Round "1"]
[White "BakaPG"]
[Black "plumalka"]
[Result "1-0"]
[WhiteElo "2727"]
[BlackElo "2379"]
[TimeControl "180+1"]
[EndTime "10:04:27 PDT"]
[Termination "BakaPG won by resignation"]

1. e4 c5 2. Nf3 d6 3. d4 cxd4 4. Nxd4 Nf6 5. Nc3 Bd7 6. h3 e5 7. Nf5 Bc6 8. Bg5 h6 9. Bxf6 Qxf6 10. Nd5 Bxd5 11. Qxd5 g6 12. Bb5+ Kd8 13. Qxb7 gxf5 14. Qxa8 Kc7 15. Qxa7+ Kc8 16. a4 fxe4 17. Ra3 d5 18. Rc3+ 1-0

[Event "*** Titled Tuesday Blitz"]
[Site "Chess.com"]
[Date "2020.04.14"]
[Round "1"]
[White "florianschwabeneder"]
[Black "NM2019"]
[Result "1-0"]
[WhiteElo "2529"]
[BlackElo "2052"]
[TimeControl "180+1"]
[EndTime "10:04:27 PDT"]
[Termination "florianschwabeneder won by resignation"]

1. e4 e6 2. d3 c5 3. g3 Nc6 4. Bg2 g6 5. f4 Bg7 6. Nf3 Nge7 7. O-O O-O 8. c3 f5 9. Be3 d6 10. Nbd2 Rb8 11. Kh1 b5 12. a3 b4 13. axb4 cxb4 14. d4 bxc3 15. bxc3 fxe4 16. Nxe4 Nf5 17. Bg1 h5 18.
Re1 a5 19. Neg5 Re8 20. d5 exd5 21. Qxd5+ 1-0

[Event "*** Titled Tuesday Blitz"]
[Site "Chess.com"]
[Date "2020.04.14"]
[Round "1"]
[White "BabyFacedAssasin"]
[Black "vanea_03"]
[Result "0-1"]
[WhiteElo "2258"]
[BlackElo "2612"]
[TimeControl "180+1"]
[EndTime "10:04:30 PDT"]
[Termination "vanea_03 won by resignation"]

1. e4 e5 2. Nf3 Nc6 3. Bc4 Nf6 4. d4 exd4 5. e5 d5 6. Bb5 Ne4 7. Nxd4 Bc5 8. Be3 O-O 9. Bxc6 bxc6 10. Nd2 Qe8 11.
N2f3 Ba6 12. c3 f6 13. exf6 Rxf6 14. Qa4 Bc4 15. O-O-O Rb8 16. b4 Nxc3 17. Qxc6 Rxc6 0-1